 Dungeon Crawl Stone Soup version 0.31-a0-596-g831eee08f1 (webtiles) character file.

Game seed: 16954894168980873696

116 BubbleThief the Ruffian (level 5, 0/36 HPs)
             Began as an Octopode Shapeshifter on Aug 21, 2023.
             Slain by an orc
             ... wielding a +0 trident
              (5 damage)
             ... on level 3 of the Dungeon.
             The game lasted 00:02:19 (2301 turns).

BubbleThief the Ruffian (Octopode Shapeshifter)     Turns: 2301, Time: 00:02:19

Health: 0/36       AC:  1    Str: 16    XL:     5   Next: 1%
Magic:  5/5        EV: 13    Int: 10    God:
Gold:   88         SH:  0    Dex: 13    Spells: 4/4 levels left

rFire   . .          .
                       - Unarmed
rCold   . . .        (no shield)
rNeg    . . .        (helmet currently unavailable)
rPois   .            (no amulet)
rElec   .            (no ring)
rCorr   .            (no ring)
SInv    .            (no ring)
Will    .....        (no ring)
Stlth   ++           (no ring)
HPRegen 0.26/turn    (no ring)
MPRegen 0.09/turn    (no ring)
                     (no ring)

%: no passive effects
@: beast-form
A: beast (slay +2), almost no armour, amphibious, 8 rings, camouflage 1,
gelatinous body 1, (nimble swimmer 1), tentacles
a: Begin Untransformation


You were on level 3 of the Dungeon.
You were a hulking beast.
You visited 1 branch of the dungeon, and saw 3 of its levels.

You collected 88 gold pieces.

Inventory:

Talismans
 b - a beast talisman (active)
 c - a flux talisman
Wands
 l - a wand of digging (4)
Scrolls
 f - a scroll of fear
 g - a scroll of teleportation
 h - a scroll of identify
 n - 2 scrolls of enchant armour {unknown}
 o - a scroll of enchant weapon {unknown}
 q - a scroll of fog {unknown}
Potions
 a - a potion of lignification
 e - a potion of ambrosia {unknown}
 k - a potion of degeneration {unknown}
 m - a potion of attraction {unknown}
 p - 3 potions of curing {unknown}


   Skills:
 + Level 3.2 Fighting
 - Level 2.0 Dodging
 + Level 4.4 Unarmed Combat
 - Level 3.0 Shapeshifting


You had 4 spell levels left.
You didn't know any spells.
Your spell library was empty.

Dungeon Overview and Level Annotations

Branches:
Dungeon (3/15)

Altars:


Innate Abilities, Weirdness & Mutations

You are a hulking beast.
Your limbs bulge with bestial killing power. (Slay +2)
You cannot wear most types of armour.
You are amphibious.
You can wear up to eight rings at the same time.
Your skin changes colour to match your surroundings (Stealth+).
Your rubbery body absorbs attacks. (AC +1, EV +1)
((You are camouflaged when in or above water. (Stealth+)))
You have tentacles for arms and can constrict up to eight enemies at once.


Message History

A magic dart appears from out of thin air!
The magic dart hits you!
* * * LOW HITPOINT WARNING * * *
The orc barely misses you.
You feel much better. Something hits you.
The orc hits you from afar with a +0 trident.
You barely miss something.
The orc hits you from afar with a +0 trident!
You closely miss something. Something hits you.
* * * LOW HITPOINT WARNING * * *
The orc barely misses you. The orc attacks as it pursues you!
The orc barely misses you. x2
Things that are here:
a +0 short sword; 5 stones You tentacle-slap the orc.
You grab the orc.
The orc is heavily wounded.
You constrict the orc. The orc hits you with a +0 hand axe.
* * * LOW HITPOINT WARNING * * *
The orc barely misses you.
Unknown command.
You tentacle-slap the orc.
You kill the orc!
Something hits you.
* * * LOW HITPOINT WARNING * * *
The orc barely misses you.
You have reached level 5!
You feel agile. The orc barely misses you.
You hear some strange, mumbled words.
Something tries to affect you, but you resist.
Unknown command.
You barely miss the orc. You grab the orc. You squeeze the orc.
The orc is severely wounded.
You constrict the orc, but do no damage.
You hear some strange, mumbled words.
A magic dart appears from out of thin air!
The magic dart hits you.
* * * LOW HITPOINT WARNING * * *
The orc hits you with a +0 trident.
You die...

..........
#.........
#.........
#.........
#.........
#.........
#..)......
#.).......
#$###h{.......
#...o#########
........##.....#
##.#....##.....#
#....##.....#####
#....##.........#
#....##.........#
#....##.........#
..#####.........#


You could see an orc.

Vanquished Creatures
  3 gnolls (D:2)
  2 adders (D:2)
  A worm (D:2)
  4 orcs (D:3)
  4 ball pythons
  3 endoplasms (D:1)
  2 giant cockroaches
  9 goblins
  6 hobgoblins
  5 jackals
  2 quokkas
  A bat (D:2)
  4 frilled lizards
  6 kobolds
  6 rats
58 creatures vanquished.

Notes
Turn   | Place    | Note
-------+----------+-------------------------------------------
     0 | D:1      | BubbleThief the Octopode Shapeshifter began the quest for
                  | the Orb.
     0 | D:1      | Reached XP level 1. HP: 13/13 MP: 1/1
   184 | D:1      | Reached XP level 2. HP: 10/18 MP: 2/2
   661 | D:1      | Reached XP level 3. HP: 18/24 MP: 3/3
  1261 | D:2      | Reached skill level 4 in Unarmed Combat
  1261 | D:2      | Reached XP level 4. HP: 27/30 MP: 4/4
  2300 | D:3      | Reached XP level 5. HP: 9/36 MP: 5/5
  2301 | D:3      | Slain by an orc

Illustrated notes

Levels and vault maps discovered:
D:1:      tekkud_arrival_beachfront_property, layout_loops_corners,
          chequers_serial_rivers_micro_d, st_stairs_11, glass_columns_a
D:2:      layout_loops_corners, chequers_serial_rivers_large_a
D:3:      layout_basic, portal_sewer_entry_e, serial_park_tiny_pond,
          uniq_sigmund

Skill      XL: |  1  2  3  4 |
---------------+-------------+-----
Fighting       | 2 3 |  3.2
Unarmed Combat | 4 |  4.4
Dodging        | |  2.0
Shapeshifting  | |  3.0

Action                     |  1- 3 |  4- 6 || total
---------------------------+-------+-------++-------
  Melee: Unarmed           |    58 |    44 ||   102
         Tentacles         |     7 |    10 ||    17
         Constrict         |     9 |    13 ||    22
         Punch             |     2 |     2 ||     4
    Use: Scroll            |       |     5 ||     5
         Potion            |       |     1 ||     1
   Stab: Sleeping          |     2 |     2 ||     4
 Armour: Skin              |     3 |     4 ||     7
  Dodge: Dodged            |    33 |    37 ||    70

Table legend: (Time is in decaauts)
 A = Elapsed time spent in this place.
 B = Non-inter-level travel time spent in this place.
 C = Inter-level travel time spent in this place.
 D = Time resting spent in this place.
 E = Time spent auto-exploring this place.
 F = Levels seen in this place.
 G = Mean time per level.
                   A        B        C        D        E       F      G
               +--------+--------+--------+--------+--------+-----+--------+
         Total |   2293 |   2210 |     83 |     54 |   1846 |   3 |  764.3 |
       Dungeon |   2293 |   2210 |     83 |     54 |   1846 |   3 |  764.3 |
               +--------+--------+--------+--------+--------+-----+--------+

Top non-repeatable levels by time:
     D:2: 1137 daAuts
     D:1: 1082 daAuts
     D:3: 73 daAuts
